 Dungeon Crawl Stone Soup version 0.23-a0-396-g5214e5f (webtiles) character file.

1964 Ijustatesigmund the Thaumaturge (level 9, -1/65 HPs)
             Began as a Gnoll Wizard on Nov 2, 2018.
             Was a Follower of Cheibriados.
             Slain by Avack's ghost (19 damage)
             ... on level 7 of the Dungeon.
             The game lasted 00:21:57 (9513 turns).

Ijustatesigmund the Thaumaturge (Gnoll Wizard)      Turns: 9513, Time: 00:21:58

Health: -1/65      AC: 12    Str: 11    XL:     9   Next: 19%
Magic:  21/21      EV: 18    Int: 25    God:    Cheibriados [*.....]
Gold:   304        SH:  9    Dex: 22    Spells: 13/24 levels left

rFire    . . .     SeeInvis .   A - +2 rapier (holy)
rCold    + . .     Gourm    .   E - +0 shield
rNeg     . . .     Faith    .   a - +0 ring mail
rPois    +         Spirit   .   i - +1 hat
rElec    .         Reflect  .   z - +1 cloak {rPois}
rCorr    .         Harm     .   (no gloves)
MR       .....                  (no boots)
Stlth    ++++......             b - amulet of regeneration
HPRegen  0.60/turn              f - ring of wizardry
MPRegen  0.17/turn              G - +1 ring of protection

@: agile, very slow
A: distributed training, antennae 1, fangs 1, icy blue scales 1, cold resistance
1, strong nose
a: Bend Time, Renounce Religion


You were on level 7 of the Dungeon.
You worshipped Cheibriados.
Cheibriados was aware of your devotion.
You were not hungry.

You visited 2 branches of the dungeon, and saw 8 of its levels.

You collected 304 gold pieces.

Inventory:

Hand Weapons
 c - a +3 hand axe of flaming
 v - a +3 flail
 A - a +2 rapier of holy wrath (weapon)
 B - a +6 dire flail of draining
Missiles
 m - 6 javelins (quivered)
Armour
 a - a +0 ring mail (worn)
 i - a +1 hat (worn)
 z - a +1 cloak of poison resistance (worn)
 E - a +0 shield (worn)
Jewellery
 b - an amulet of regeneration (around neck)
 f - a ring of wizardry (left hand)
 h - a +4 ring of strength
 n - an uncursed ring of resist corrosion
 x - an uncursed ring of ice
 G - a +1 ring of protection (right hand)
Wands
 l - a wand of acid (5)
 r - a wand of flame (10)
 C - a wand of paralysis (13)
Scrolls
 g - 6 scrolls of teleportation
 j - 2 scrolls of enchant weapon
 p - 4 scrolls of remove curse
 y - a scroll of magic mapping
 D - a scroll of fear {unknown}
 H - a scroll of immolation
Potions
 e - a potion of agility
 k - a potion of flight
 o - 3 potions of haste {unknown}
 q - a potion of lignification {unknown}
 s - 2 potions of might {unknown}
 t - a potion of heal wounds {unknown}
 u - 3 potions of brilliance {unknown}
 w - 2 potions of berserk rage {unknown}
 F - 3 potions of curing {unknown}
Comestibles
 d - 7 rations


   Skills:
 + Level 3.9 Fighting
 + Level 3.9 Short Blades
 + Level 3.9 Long Blades
 + Level 3.9 Axes
 + Level 3.9 Maces & Flails
 + Level 3.9 Polearms
 + Level 3.9 Staves
 + Level 3.9 Slings
 + Level 3.9 Bows
 + Level 3.9 Crossbows
 + Level 3.9 Throwing
 + Level 3.9 Armour
 + Level 6.1 Dodging
 + Level 5.8 Stealth
 + Level 3.9 Shields
 + Level 3.9 Unarmed Combat
 + Level 8.2 Spellcasting
 + Level 3.9 Conjurations
 + Level 3.2 Hexes
 + Level 3.2 Charms
 + Level 3.9 Summonings
 + Level 3.2 Necromancy
 + Level 3.9 Translocations
 + Level 3.2 Transmutations
 + Level 3.2 Fire Magic
 + Level 3.2 Ice Magic
 + Level 3.2 Air Magic
 + Level 3.2 Earth Magic
 + Level 3.2 Poison Magic
 + Level 4.3 Invocations
 + Level 3.9 Evocations


You had 13 spell levels left.
You knew the following spells:

 Your Spells              Type           Power        Failure   Level  Hunger
a - Magic Dart            Conj           ####         4%          1    None
b - Blink                 Tloc           N/A          7%          2    None
c - Mephitic Cloud        Conj/Pois/Air  ####....     16%         3    None
d - Passwall              Tmut/Erth      ####....     9%          2    None
e - Conjure Flame         Conj/Fire      ####....     16%         3    None

Your spell library contained the following spells:

 Spells                   Type           Power        Failure   Level  Hunger
 Sandblast                Erth           ####..       6%          1    None
 Call Imp                 Summ           ####....     7%          2    None
 Slow                     Hex            ####....     9%          2    None
 Stone Arrow              Conj/Erth      ####..       16%         3    None
 Petrify                  Tmut/Erth      ####....     50%         4    ##.....
 Lee's Rapid Deconstruct  Erth           ####......   82%         5    ####...


Dungeon Overview and Level Annotations

Branches:
Dungeon (7/15)             Temple (1/1) D:4

Altars:
Ashenzari
Cheibriados
Elyvilon
Fedhas
Gozag
Hepliaklqana
Kikubaaqudgha
Makhleb
Nemelex Xobeh
Okawaru
Qazlal
Ru
Sif Muna
Trog
Uskayaw
Vehumet
Wu Jian
Xom
Yredelemnul
Zin
The Shining One

Annotations:
D:7 Avack's ghost, novice OgWz; MTVSty1e's ghost, novice GrFi; Nr616's ghost, novice MiFi; rabbit's ghost, novice MiBe


Innate Abilities, Weirdness & Mutations

Your experience applies equally to all skills.
You have very sharp teeth.
Your uncanny sense of smell can sniff out nearby items.
You have a pair of small antennae on your head.
You are partially covered in icy blue scales. (AC +2)
Your flesh is cold resistant. (rC+)


Message History

Avack's ghost hits you but does no damage.
You hit Avack's ghost.
Avack's ghost convulses.
Avack's ghost is heavily damaged.
Rabbit's ghost whispers, "They're coming for you..."
You block Avack's ghost's attack.
You hit Avack's ghost.
Avack's ghost convulses.
Avack's ghost is heavily damaged.
Avack's ghost barely misses you.
You feel agile all of a sudden. Avack's ghost hits you.
You are electrocuted!
* * * LOW HITPOINT WARNING * * *
You hit Avack's ghost.
Avack's ghost convulses.
Avack's ghost is heavily damaged.
Rabbit's ghost says, "What do you have that I didn't have?"
Avack's ghost closely misses you.
You puncture Avack's ghost!
Avack's ghost convulses!
Avack's ghost is almost destroyed.
Avack's ghost hits you but does no damage.
You are electrocuted!
You die...

##.$8=#...#####.###.#
######...........#.#
#######........#####.#.#.#
#..............# #.#.#.#
#.#####........# #.#.#.# #.#
#..WW...## #.....# ########.#
###W##### ###.### .......#.# #W#
####.# .......#.# #@# #....#
#####..#.# ##'## #.#### #
###..#.# ##...## #.##### #
#....).# ##.....## #.....# #
#....### ##.......## ##...#.#
####....####.........####....#.##
...........'.........'...........
........####.........####....#.##
####.#.## ###.......## ##.....##


You could see Avack's ghost, MTVSty1e's ghost, Nr616's ghost and rabbit's ghost.

Vanquished Creatures
  The ghost of kirsanium the Transmogrifier, a novice OpTm of Cheibriados (D:7)
  A hippogriff (D:7)
  Edmund (D:5)
  A phantom (D:4)
  2 ogres
  2 centaurs
  Blork the orc (D:5)
  3 electric eels (D:3)
  2 jellies (D:5)
  A hound (D:4)
  Crazy Yiuf (D:4)
  An orc priest (D:6)
  6 orc wizards
  Jessica (D:2)
  An iguana (D:4)
  A worker ant (D:3)
  A worker ant zombie (D:7)
  3 gnolls (D:2)
  3 adders
  2 shadow imps (D:6)
  2 dart slugs
  2 leopard geckos
  26 orcs
  A ball python (D:2)
  4 giant cockroaches
  5 goblins
  11 hobgoblins
  3 jackals (D:3)
  10 kobolds
  8 bats
  6 rats
  A fungus (D:4)
114 creatures vanquished.

Notes
Turn   | Place    | Note
-------+----------+-------------------------------------------
     0 | D:1      | Ijustatesigmund the Gnoll Wizard began the quest for the
                  | Orb.
     0 | D:1      | Reached XP level 1. HP: 13/13 MP: 8/8
   357 | D:1      | Reached XP level 2. HP: 19/19 MP: 7/10
   361 | D:1      | Learned a level 2 spell: Blink
  1383 | D:2      | Reached XP level 3. HP: 25/25 MP: 8/11
  1587 | D:2      | Noticed Jessica
  1594 | D:2      | Killed Jessica
  1594 | D:2      | Reached skill level 1 in Fighting
  1594 | D:2      | Reached skill level 1 in Short Blades
  1594 | D:2      | Reached skill level 1 in Long Blades
  1594 | D:2      | Reached skill level 1 in Axes
  1594 | D:2      | Reached skill level 1 in Maces & Flails
  1594 | D:2      | Reached skill level 1 in Polearms
  1594 | D:2      | Reached skill level 1 in Staves
  1594 | D:2      | Reached skill level 1 in Slings
  1594 | D:2      | Reached skill level 1 in Bows
  1594 | D:2      | Reached skill level 1 in Crossbows
  1594 | D:2      | Reached skill level 1 in Throwing
  1594 | D:2      | Reached skill level 1 in Armour
  1594 | D:2      | Reached skill level 1 in Shields
  1594 | D:2      | Reached skill level 1 in Unarmed Combat
  1594 | D:2      | Reached skill level 1 in Invocations
  1594 | D:2      | Reached skill level 1 in Evocations
  1594 | D:2      | Reached XP level 4. HP: 32/32 MP: 3/13
  1803 | D:2      | Reached skill level 1 in Hexes
  1803 | D:2      | Reached skill level 1 in Charms
  1803 | D:2      | Reached skill level 1 in Necromancy
  1803 | D:2      | Reached skill level 1 in Transmutations
  1803 | D:2      | Reached skill level 1 in Fire Magic
  1803 | D:2      | Reached skill level 1 in Ice Magic
  1803 | D:2      | Reached skill level 1 in Air Magic
  1803 | D:2      | Reached skill level 1 in Earth Magic
  1803 | D:2      | Reached skill level 1 in Poison Magic
  2455 | D:3      | Reached XP level 5. HP: 37/37 MP: 5/14
  2517 | D:3      | Found a transporter.
  3106 | D:3      | Reached XP level 6. HP: 44/44 MP: 16/16
  3160 | D:3      | Found a transporter.
  3780 | D:3      | Reached skill level 5 in Dodging
  4391 | D:4      | Learned a level 3 spell: Mephitic Cloud
  4671 | D:4      | Noticed a phantom
  4691 | D:4      | Killed a phantom
  4691 | D:4      | Reached XP level 7. HP: 38/50 MP: 9/18
  4837 | D:4      | Found a staircase to the Ecumenical Temple.
  4846 | Temple   | Entered the Ecumenical Temple
  5017 | Temple   | Became a worshipper of Cheibriados the Contemplative
  5543 | D:4      | Found a runed door.
  5547 | D:4      | Noticed Crazy Yiuf
  5548 | D:4      | Killed Crazy Yiuf
  5615 | D:5      | Entered Level 5 of the Dungeon
  5815 | D:5      | Gained mutation: You are partially covered in icy blue
                  | scales. (AC +2) [potion of mutation]
  5815 | D:5      | Gained mutation: Your flesh is cold resistant. (rC+)
                  | [potion of mutation]
  5815 | D:5      | Gained mutation: You have a pair of small antennae on your
                  | head. [potion of mutation]
  6130 | D:5      | Noticed Blork the orc
  6368 | D:5      | Killed Blork the orc
  6384 | D:5      | Reached skill level 5 in Stealth
  6640 | D:5      | Learned a level 2 spell: Passwall
  6644 | D:5      | Learned a level 3 spell: Conjure Flame
  6845 | D:5      | Noticed Edmund
  6864 | D:5      | Killed Edmund
  6864 | D:5      | Reached XP level 8. HP: 47/57 MP: 1/19
  7025 | D:6      | Reached * piety under Cheibriados
  8816 | D:7      | Found a runed gate.
  8816 | D:7      | Found a runed gate.
  8816 | D:7      | Found a runed gate.
  8816 | D:7      | Noticed Avack's ghost (novice OgWz)
  8816 | D:7      | Noticed rabbit's ghost (novice MiBe)
  8816 | D:7      | Noticed Nr616's ghost (novice MiFi)
  8817 | D:7      | Noticed MTVSty1e's ghost (novice GrFi)
  8819 | D:7      | Noticed kirsanium's ghost (novice OpTm)
  8869 | D:7      | Reached skill level 8 in Spellcasting
  8958 | D:7      | Noticed a hippogriff
  8969 | D:7      | Killed a hippogriff
  9502 | D:7      | Killed kirsanium's ghost
  9502 | D:7      | Reached XP level 9. HP: 39/65 MP: 21/21
  9513 | D:7      | Slain by Avack's ghost

Vault maps used:
D:1:      dpeg_arrival_snail, minmay_misc_feat_doors
D:2:      uniq_jessica
D:3:      gammafunk_steamed_eel
D:4:      minmay_temple_entry_poolview, first_ration, uniq_crazy_yiuf_cottage
D:5:      minmay_misc_feat_square, uniq_edmund, uniq_blork_the_orc
D:7:      gammafunk_ghost_cemetery
Temple:   minmay_crystal_snake_temple

Skill      XL: |  1  2  3  4  5  6  7  8 |
---------------+-------------------------+-----
Conjurations   | 2 3 |  3.9
Summonings     | 2 3 |  3.9
Translocations | 2 3 |  3.9
Fighting       | 1 2 3 |  3.9
Short Blades   | 1 2 3 |  3.9
Long Blades    | 1 2 3 |  3.9
Axes           | 1 2 3 |  3.9
Maces & Flails | 1 2 3 |  3.9
Polearms       | 1 2 3 |  3.9
Staves         | 1 2 3 |  3.9
Slings         | 1 2 3 |  3.9
Bows           | 1 2 3 |  3.9
Crossbows      | 1 2 3 |  3.9
Throwing       | 1 2 3 |  3.9
Armour         | 1 2 3 |  3.9
Shields        | 1 2 3 |  3.9
Unarmed Combat | 1 2 3 |  3.9
Invocations    | 1 2 3 4 |  4.3
Evocations     | 1 2 3 |  3.9
Hexes          | 1 2 3 |  3.2
Charms         | 1 2 3 |  3.2
Necromancy     | 1 2 3 |  3.2
Transmutations | 1 2 3 |  3.2
Fire Magic     | 1 2 3 |  3.2
Ice Magic      | 1 2 3 |  3.2
Air Magic      | 1 2 3 |  3.2
Earth Magic    | 1 2 3 |  3.2
Poison Magic   | 1 2 3 |  3.2
Dodging        | 5 6 |  6.1
Stealth        | 5 |  5.8
Spellcasting   | 8 |  8.2

Action                   |  1- 3 |  4- 6 |  7- 9 || total
-------------------------+-------+-------+-------++-------
Melee: Hand axe          |     2 |    21 |       ||    23
       Bite              |     1 |       |    11 ||    12
       Flail             |       |    13 |    25 ||    38
       Dire flail        |       |       |    26 ||    26
       Rapier            |       |       |    31 ||    31
 Cast: Magic Dart        |    52 |   123 |   156 ||   331
       Blink             |       |     1 |     2 ||     3
       Mephitic Cloud    |       |       |     5 ||     5
Evoke: Wand              |       |     9 |     1 ||    10
  Use: Scroll            |     5 |     2 |     8 ||    15
       Potion            |       |       |     2 ||     2
 Stab: Sleeping          |       |     1 |     1 ||     2
       Confused          |       |       |     1 ||     1
  Eat: Chunk             |     2 |     3 |     5 ||    10
       Ration            |       |     2 |     2 ||     4
Armor: Robe              |     1 |       |       ||     1
       Ring mail         |     2 |    17 |    51 ||    70
Dodge: Dodged            |     7 |    33 |    78 ||   118
Block: Shield            |       |       |     8 ||     8

Table legend:
 A = Non-vault XP
 B = Vault XP
 C = Vault XP percentage of total XP
 D = Non-vault monster count
 E = Vault monster count
 F = Vault count percentage of total count
                 A         B        C        D         E       F
            +---------+---------+-------+---------+---------+-------
      Total |    1654 |    1153 |  41.1 |     105 |       8 |   7.1
            +---------+---------+-------+---------+---------+-------
        D:1 |      26 |       0 |   0.0 |      17 |       0 |   0.0
        D:2 |      92 |      37 |  28.7 |      23 |       1 |   4.2
        D:3 |     140 |     171 |  55.0 |      27 |       3 |  10.0
        D:4 |     222 |      40 |  15.3 |       7 |       1 |  12.5
        D:5 |     310 |     253 |  44.9 |      11 |       2 |  15.4
        D:6 |     360 |       0 |   0.0 |      16 |       0 |   0.0
        D:7 |     504 |     652 |  56.4 |       4 |       1 |  20.0
            +---------+---------+-------+---------+---------+-------
